 Dungeon Sprint DCSS version 0.29-a0-352-g0917bc69df (webtiles) character file.

Game seed: 3289223969453393616

842 mhtbhm the Cleaver (level 7, -3/78 HPs)
             Began as a Minotaur Berserker on Apr 23, 2022.
             Was an Elder of Trog.
             Slain by a vampire (8 damage)
             ... in the Dungeon (Sprint IX: "|||||||||||||||||||||||||||||").
             The game lasted 00:00:34 (293 turns).

mhtbhm the Cleaver (Minotaur Berserker)              Turns: 293, Time: 00:00:34

Health: -3/78      AC: 13    Str: 24    XL:     7   Next: 67%
Magic:  6/6        EV: 12    Int:  7    God:    Trog [****..]
Gold:   0          SH:  0    Dex:  9    Spells: 6/6 levels left

rFire   . . .      SeeInvis .   a - +1 broad axe (vorpal)
rCold   . . .      Faith    .   (no shield)
rNeg    . . .      Spirit   .   b - +2 ring mail
rPois   .          Reflect  .   (helmet restricted)
rElec   .          Harm     .   k - +0 cloak
rCorr   .          Rampage  .   l - +0 pair of gloves
Will    .....      NoTele   +   (no boots)
Stlth   ..........              (no amulet)
HPRegen 0.23/turn               m - +2 ring of protection
MPRegen 0.10/turn               n - +3 ring of intelligence

@: on berserk cooldown, slowed, very slow
A: horns 2, retaliatory headbutt
a: Renounce Religion, Berserk, Trog's Hand, Brothers in Arms


You were in the Dungeon.
You worshipped Trog.
Trog was greatly pleased with you.
You visited 1 branch

Inventory:

Hand Weapons
 a - a +1 vorpal broad axe (weapon)
Armour
 b - a +2 ring mail (worn)
 k - a +0 cloak (worn)
 l - a +0 pair of gloves (worn)
Jewellery
 m - a +2 ring of protection (left hand)
 n - a +3 ring of intelligence (right hand)
Wands
 j - a wand of acid (10)
Scrolls
 h - 2 scrolls of blinking
Potions
 c - 4 potions of curing
 d - 3 potions of heal wounds
 e - a potion of haste
 f - 4 potions of magic
 g - a potion of berserk rage
 i - a potion of invisibility


   Skills:
 + Level 12.8 Fighting
 + Level 13.5 Axes
 + Level 6.7 Armour
 + Level 6.4 Dodging


You had 6 spell levels left.
You didn't know any spells.
Your spell library was empty.

Dungeon Overview and Level Annotations

Branches:
Dungeon (1/1)

Altars:
Cheibriados
Dithmenos
Elyvilon
Fedhas
Gozag
Hepliaklqana
Kikubaaqudgha
Makhleb
Nemelex Xobeh
Okawaru
Qazlal
Ru
Sif Muna
Trog
Uskayaw
Vehumet
Wu Jian
Xom
Yredelemnul
Zin
The Shining One
Beogh
Jiyva
Lugonu


Innate Abilities, Weirdness & Mutations

You have a pair of horns on your head.
You reflexively headbutt those who attack you in melee.


Message History

You barely miss the centaur.
The centaur hits you but does no damage.
The centaur kicks you but does no damage.
The centaur hits you but does no damage.
The centaur closely misses you.
You slash the centaur! You headbutt the centaur!
The centaur is almost dead.
The centaur completely misses you. The centaur barely misses you.
The centaur hits you but does no damage.
The centaur closely misses you.
You slash the centaur!
You kill the centaur!
Trog accepts your kill. Something hits you.
* * * LOW HITPOINT WARNING * * *
Something bites you.
* * * LOW HITPOINT WARNING * * *
Something draws strength from your injuries!
Unknown command.
You closely miss something. You headbutt something.
You hear some strange, mumbled words.
You are confused.
Unknown command.
You bump into the unnaturally hard rock wall.
Something hits you but does no damage. Something bites you.
* * * LOW HITPOINT WARNING * * *
Something draws strength from your injuries!
Unknown command.
You feel better. Something hits you!
* * * LOW HITPOINT WARNING * * *
Something bites you but does no damage. Something hits you but does no damage.
Something bites you.
* * * LOW HITPOINT WARNING * * *
Something draws strength from your injuries!
You closely miss something. Your headbutt misses something. Something hits you.
* * * LOW HITPOINT WARNING * * *
Something bites you but does no damage.
You closely miss something. Something hits you but does no damage.
Something bites you!
You die...

▓?▓
▓)▓
▓.▓
▓.▓
▓[▓
▓.▓
▓.▓
▓.▓
▓@▓
▓)▓
▓.▓
▓.▓
▓.▓
▓.▓
▓.▓
▓+▓


There were no monsters in sight!

Vanquished Creatures
  A hornet (D)
  A yak (D)
  A black bear (D)
  An ice beast (D)
  An orc warrior (D)
  A centaur (D)
  A kobold brigand (D)
  A necrophage (D)
  A shadow imp (D)
  An ufetubus (D)
  An endoplasm (D)
  A hobgoblin (D)
  A kobold (D)
  A bat (D)
  A frilled lizard (D)
15 creatures vanquished.

Notes
Turn   | Place    | Note
-------+----------+-------------------------------------------
     0 | D        | mhtbhm the Minotaur Berserker began the quest for the Orb.
     0 | D        | Reached XP level 1. HP: 19/19 MP: 0/0
     5 | D        | Reached skill level 4 in Axes
     9 | D        | Reached ** piety under Trog
    82 | D        | Noticed a necrophage
    82 | D        | Noticed a black bear
    82 | D        | Noticed an ice beast
    87 | D        | Reached skill level 5 in Fighting
    87 | D        | Reached skill level 5 in Axes
    87 | D        | Reached XP level 2. HP: 19/29 MP: 1/1
    88 | D        | Reached *** piety under Trog
    92 | D        | Killed a necrophage
    93 | D        | Reached skill level 7 in Axes
    93 | D        | Reached XP level 3. HP: 35/39 MP: 2/2
    93 | D        | Reached XP level 4. HP: 42/47 MP: 3/3
    96 | D        | Killed a black bear
    97 | D        | Reached skill level 9 in Axes
    97 | D        | Reached XP level 5. HP: 44/56 MP: 4/4
   100 | D        | Killed an ice beast
   101 | D        | Reached skill level 10 in Fighting
   101 | D        | Reached skill level 10 in Axes
   101 | D        | Reached skill level 5 in Armour
   106 | D        | Found a snail-covered altar of Cheibriados.
   106 | D        | Found a shadowy altar of Dithmenos.
   106 | D        | Found a white marble altar of Elyvilon.
   106 | D        | Found a blossoming altar of Fedhas.
   106 | D        | Found an opulent altar of Gozag.
   107 | D        | Found a hazy altar of Hepliaklqana.
   108 | D        | Found a viscous altar of Jiyva.
   109 | D        | Found an ancient bone altar of Kikubaaqudgha.
   110 | D        | Found a corrupted altar of Lugonu.
   111 | D        | Found a burning altar of Makhleb.
   112 | D        | Found a sparkling altar of Nemelex Xobeh.
   113 | D        | Found an iron altar of Okawaru.
   114 | D        | Found a stormy altar of Qazlal.
   115 | D        | Found a sacrificial altar of Ru.
   116 | D        | Found a shimmering blue altar of Sif Muna.
   117 | D        | Found a bloodstained altar of Trog.
   118 | D        | Found a hide-covered altar of Uskayaw.
   119 | D        | Found a radiant altar of Vehumet.
   120 | D        | Found an ornate altar of the Wu Jian Council.
   121 | D        | Found a shimmering altar of Xom.
   122 | D        | Found a basalt altar of Yredelemnul.
   123 | D        | Found a glowing silver altar of Zin.
   124 | D        | Found a glowing golden altar of the Shining One.
   132 | D        | Found the +2 Maxwell's thermic engine {flame, freeze}
   266 | D        | Noticed a hornet
   266 | D        | Noticed an orc warrior
   266 | D        | Noticed a yak
   266 | D        | Noticed a centaur
   266 | D        | Noticed a vampire
   269 | D        | Killed a hornet
   269 | D        | Reached **** piety under Trog
   270 | D        | Reached skill level 11 in Axes
   270 | D        | Reached skill level 5 in Dodging
   270 | D        | Reached XP level 6. HP: 67/68 MP: 5/5
   273 | D        | Killed an orc warrior
   274 | D        | Reached skill level 12 in Axes
   274 | D        | Reached XP level 7. HP: 58/75 MP: 6/6
   278 | D        | Killed a yak
   279 | D        | Reached skill level 13 in Axes
   293 | D        | Slain by a vampire

Illustrated notes

Levels and vault maps discovered:
D:        linesprint [early_d, line_temple, items_1, d_10, items_2, lair_1,
          lair_end, items_3, orc_1, orc_end, items_4, d_15, swamp_1, shoals_1,
          snake_1, spider_1, d_20, vaults_1, items_5, swamp_end, shoals_end,
          snake_end, spider_end, vaults_end, d_27, items_6, zot_1, zot_end,
          crypt_end, forest_end, elf_end, slime_end, tomb_end, abyss_end,
          pan_hell_end]

Skill      XL: |  1  2  3  4  5  6  7 |
---------------+----------------------+-----
Fighting       | 5 7 8 11 12 | 12.8
Axes           | 5 7 9 11 12 13 | 13.5
Armour         | 3 4 5 6 |  6.7
Dodging        | 3 4 5 6 |  6.4

Action                   |  1- 3 |  4- 6 |  7- 9 || total
-------------------------+-------+-------+-------++-------
Melee: Hand axe          |    16 |     7 |       ||    23
       Headbutt          |     5 |     1 |     2 ||     8
       Broad axe         |       |     6 |    17 ||    23
Invok: Berserk           |     1 |     1 |       ||     2
  Use: Potion            |       |       |     1 ||     1
Armor: Animal skin       |     3 |       |       ||     3
       Ring mail         |       |       |    15 ||    15
Dodge: Dodged            |     9 |     8 |    13 ||    30

Table legend: (Time is in decaauts)
 A = Elapsed time spent in this place.
 B = Non-inter-level travel time spent in this place.
 C = Inter-level travel time spent in this place.
 D = Time resting spent in this place.
 E = Time spent auto-exploring this place.
 F = Levels seen in this place.
 G = Mean time per level.
                   A        B        C        D        E       F      G
               +--------+--------+--------+--------+--------+-----+--------+
         Total |    305 |    305 |      0 |    153 |      3 |   1 |  305.0 |
       Dungeon |    305 |    305 |      0 |    153 |      3 |   1 |  305.0 |
               +--------+--------+--------+--------+--------+-----+--------+

Top non-repeatable levels by time:
       D: 305 daAuts
